 Dungeon Crawl Stone Soup version 0.27-a0-631-g2d681adce0 (webtiles) character file.

Game seed: 14139807291076464182

570 tilp the Insei (level 7, 0/48 HPs)
             Began as an Octopode Transmuter on Mar 13, 2021.
             Slain by a gnoll
             ... wielding a +0 halberd
              (9 damage)
             ... on level 2 of the Dungeon.
             The game lasted 00:05:35 (3808 turns).

tilp the Insei (Octopode Transmuter)                Turns: 3808, Time: 00:05:36

Health: 0/48       AC:  1    Str:  9    XL:     7   Next: 34%
Magic:  8/10       EV: 13    Int: 17    God:
Gold:   92         SH:  0    Dex: 13    Spells: 4/10 levels left

rFire    . . .     SeeInvis .     - Unarmed
rCold    . . .     Faith    .   (no shield)
rNeg     . . .     Spirit   .   (helmet restricted)
rPois    .         Reflect  .   (no amulet)
rElec    .         Harm     .   g - ring of wizardry
rCorr    .         Rampage  .   (no ring)
Will     .....                  (no ring)
Stlth    +++.......             (no ring)
HPRegen  0.16/turn              (no ring)
MPRegen  0.12/turn              (no ring)
                                (no ring)
                                (no ring)

@: wereblooded
A: almost no armour, amphibious, 8 rings, camouflage 1, gelatinous body 1,
nimble swimmer 1, tentacles
a: no special abilities


You were on level 2 of the Dungeon.
You visited 1 branch of the dungeon, and saw 5 of its levels.

You collected 92 gold pieces.

Inventory:

Missiles
 b - 111 stones (quivered)
Jewellery
 g - a ring of wizardry (left tentacle)
Scrolls
 a - a scroll of fear {unknown}
 d - a scroll of enchant weapon {unknown}
 e - a scroll of teleportation {unknown}
 h - a scroll of amnesia {unknown}
 j - 3 scrolls of identify {unknown}
 l - a scroll of enchant armour {unknown}
Potions
 c - a potion of degeneration {unknown}
 f - a potion of brilliance {unknown}
 i - a potion of curing {unknown}
 k - 2 potions of heal wounds {unknown}


   Skills:
 - Level 4.0 Fighting
 - Level 2.0 Dodging
 - Level 4.0 Stealth
 - Level 6.0 Unarmed Combat
 - Level 2.0 Spellcasting
 + Level 2.6 Transmutations
 + Level 1.7 Poison Magic


You had 4 spell levels left.
You knew the following spells:

 Your Spells              Type           Power      Damage    Failure   Level
a - Beastly Appendage     Tmut           20%        N/A       2%          1
b - Wereblood             Tmut           10%        N/A       4%          2
c - Spider Form           Tmut/Pois      4%         N/A       10%         3

Your spell library contained the following spells:

 Spells                   Type           Power      Damage    Failure   Level
 Ice Form                 Ice/Tmut       6%         N/A       41%         4
 Blade Hands              Tmut           5%         N/A       56%         5


Dungeon Overview and Level Annotations

Branches:
Dungeon (5/15)
 Temple: D:4-7

Altars:
Ashenzari
Gozag
Yredelemnul


Innate Abilities, Weirdness & Mutations

You cannot wear most types of armour.
You are amphibious.
You can wear up to eight rings at the same time.
Your skin changes colour to match your surroundings (Stealth+).
Your rubbery body absorbs attacks. (AC +1, EV +1)
You are stealthy while swimming. (Stealth+)
You have tentacles for arms and can constrict up to eight enemies at once.


Message History

Your magical contamination has completely faded away.
You completely miss the gnoll. You grab the gnoll.
You pierce the gnoll.
The gnoll is heavily wounded.
You constrict the gnoll. You tentacle-slap the gnoll.
You kill the gnoll!
The gnoll completely misses you.
You see here a +0 spear.
The gnoll hits you with a +0 spear.
You barely miss the gnoll. You grab the gnoll.
You pierce the gnoll.
The gnoll is lightly wounded.
You howl as the wereblood boils in your veins!
You constrict the gnoll.
The gnoll shouts!
The gnoll closely misses you.
You tentacle-slap the gnoll but do no damage.
The gnoll is lightly wounded.
Your tentacle spike disappears.
You constrict the gnoll. The gnoll barely misses you.
You tentacle-slap the gnoll but do no damage.
The gnoll is moderately wounded.
You constrict the gnoll. The gnoll hits you with a +0 spear!
* * * LOW HITPOINT WARNING * * *
Unknown command.
You tentacle-slap the gnoll.
The gnoll is severely wounded.
You constrict the gnoll. The gnoll completely misses you.
The gnoll barely misses you.
You tentacle-slap the gnoll but do no damage.
You tentacle-slap the gnoll.
You kill the gnoll!
The gnoll hits you from afar with a +0 halberd!
* * * LOW HITPOINT WARNING * * *
Unknown command.
Found a stone staircase leading up.
You see here a +0 spear.
You tentacle-slap the gnoll. You grab the gnoll.
The gnoll is heavily wounded.
You constrict the gnoll. The gnoll hits you with a +0 halberd!
You die...

...#..
#####...#..##.....^.#.#
......
................_.....#
#.....
.<.........#.......###
.#........##.....##
............##...##
.....)....##.##
#............#
#.g......#####
#.@......# ##.#######
#)# #.# #.# ...... ##.#
..... #..# # #...# #.##
#. ...## ##.#


You could see a gnoll.

Vanquished Creatures
  Sigmund (D:2)
  A scorpion (D:4)
  5 orc priests
  A centaur skeleton (D:4)
  A hound (D:4)
  An iguana (D:4)
  A worker ant (D:4)
  2 gnolls (D:2)
  An adder (D:2)
  An ooze (D:2)
  2 adder skeletons (D:4)
  A dart slug (D:1)
  3 leopard geckos (D:1)
  8 orcs
  4 bats (D:1)
  3 giant cockroaches
  4 goblins
  7 hobgoblins (D:1)
  10 jackals
  3 quokkas (D:4)
  A ball python (D:1)
  4 frilled lizards
  3 kobolds (D:1)
  5 rats
73 creatures vanquished.

Notes
Turn   | Place    | Note
-------+----------+-------------------------------------------
     0 | D:1      | tilp the Octopode Transmuter began the quest for the Orb.
     0 | D:1      | Reached XP level 1. HP: 13/13 MP: 3/3
    15 | D:1      | Reached skill level 1 in Stealth
   263 | D:1      | Reached XP level 2. HP: 15/18 MP: 5/5
   284 | D:1      | Learned a level 2 spell: Wereblood
   742 | D:1      | Reached XP level 3. HP: 18/23 MP: 6/6
  1858 | D:2      | Found a basalt altar of Yredelemnul.
  1992 | D:2      | You fall into a shaft and drop 2 floors!
  1993 | D:4      | Noticed a phantom
  2009 | D:4      | Reached XP level 4. HP: 7/29 MP: 2/7
  2321 | D:4      | Reached skill level 4 in Unarmed Combat
  2321 | D:4      | Reached XP level 5. HP: 25/35 MP: 8/8
  2566 | D:4      | Found an opulent altar of Gozag.
  2904 | D:4      | Reached XP level 6. HP: 38/42 MP: 7/9
  2913 | D:4      | Found a broken altar of Ashenzari.
  2973 | D:4      | Learned a level 3 spell: Spider Form
  3036 | D:5      | Entered Level 5 of the Dungeon
  3626 | D:3      | Reached skill level 5 in Unarmed Combat
  3712 | D:2      | Noticed Sigmund
  3723 | D:2      | Killed Sigmund
  3724 | D:2      | Reached skill level 6 in Unarmed Combat
  3724 | D:2      | Reached skill level 1 in Poison Magic
  3724 | D:2      | Reached XP level 7. HP: 43/48 MP: 10/10
  3808 | D:2      | Slain by a gnoll

Illustrated notes

Levels and vault maps discovered:
D:1:      dpeg_arrival_morbid_curiosity, layout_basic
D:2:      layout_rooms, lemuel_round_altar, chequers_ecumenical_altar_twisty,
          chequers_serial_rivers_micro_c, uniq_sigmund, uniq_crazy_yiuf_cottage
D:3:      layout_basic
D:4:      layout_basic, kennysheep_little_box, lemuel_coloured_pillars_altar
D:5:      layout_cave_pods, marbit_many_paths, tgw_sif

Skill      XL: |  1  2  3  4  5  6 |
---------------+-------------------+-----
Stealth        | 2 3 4 |  4.0
Fighting       | 2 3 4 |  4.0
Unarmed Combat | 4 6 |  6.0
Poison Magic   | 1 |  1.7
Dodging        | |  2.0
Spellcasting   | |  2.0
Transmutations | |  2.6

Action                   |  1- 3 |  4- 6 |  7- 9 || total
-------------------------+-------+-------+-------++-------
Melee: Unarmed           |   103 |    79 |    12 ||   194
       Constrict         |    27 |    20 |     3 ||    50
       Tentacles         |    14 |    19 |     1 ||    34
       Punch             |     2 |     2 |     1 ||     5
       Kick              |     8 |    16 |     2 ||    26
Throw: Stone             |       |     5 |       ||     5
 Cast: Wereblood         |     2 |     4 |     1 ||     7
       Beastly Appendage |     5 |    12 |     2 ||    19
 Stab: Sleeping          |    12 |     3 |     1 ||    16
Armor: Skin              |    13 |     2 |       ||    15
Dodge: Dodged            |    76 |    32 |     6 ||   114

Table legend: (Time is in decaauts)
 A = Elapsed time spent in this place.
 B = Non-inter-level travel time spent in this place.
 C = Inter-level travel time spent in this place.
 D = Time resting spent in this place.
 E = Time spent auto-exploring this place.
 F = Levels seen in this place.
 G = Mean time per level.
                   A        B        C        D        E       F      G
               +--------+--------+--------+--------+--------+-----+--------+
         Total |   3795 |   3703 |     92 |   1163 |   1654 |   5 |  759.0 |
       Dungeon |   3795 |   3703 |     92 |   1163 |   1654 |   5 |  759.0 |
               +--------+--------+--------+--------+--------+-----+--------+

Top non-repeatable levels by time:
     D:1: 1824 daAuts
     D:4: 1613 daAuts
     D:2: 257 daAuts
     D:3: 98 daAuts
     D:5: 1 daAuts
